 Dungeon Crawl Stone Soup version 0.22.1-1-ga44c0e56f4 (webtiles) character file.

2534 DenSaoPin the Cleaver (level 9, -1/63 HPs)
             Began as a Demonspawn Berserker on Nov 10, 2018.
             Was an Elder of Trog.
             Slain by an orc warrior
             ... wielding a +0 halberd
              (24 damage)
             ... on level 6 of the Dungeon.
             The game lasted 00:18:09 (4735 turns).

DenSaoPin the Cleaver (Demonspawn Berserker)        Turns: 4735, Time: 00:18:09

Health: -1/63      AC: 12    Str: 21    XL:     9   Next: 30%
Magic:  9/9        EV: 15    Int:  9    God:    Trog [****..]
Gold:   378        SH:  0    Dex: 12    Spells: 8/8 levels left

rFire    + . .     SeeInvis .   p - +0 battleaxe
rCold    . . .     Gourm    .   (shield currently unavailable)
rNeg     . . .     Faith    .   g - +3 leather armour {rF+}
rPois    .         Spirit   .   m - +2 helmet
rElec    .         Reflect  .   (no cloak)
rCorr    .         Harm     .   (no gloves)
MR       .....                  (no boots)
Stlth    ++........             (no amulet)
HPRegen  0.20/turn              (no ring)
MPRegen  0.11/turn              (no ring)

@: no status effects
A: talons 1, molten scales 2, nightstalker 1, powered by death 1
a: Berserk, Trog's Hand, Brothers in Arms, Renounce Religion


You were on level 6 of the Dungeon.
You worshipped Trog.
Trog was greatly pleased with you.
You were not hungry.

You visited 1 branch of the dungeon, and saw 6 of its levels.
You also visited: Ossuary.

You collected 378 gold pieces.

Inventory:

Hand Weapons
 a - a +0 hand axe
 p - a +0 battleaxe (weapon)
 C - a +3 hand axe
 D - a +2 scythe of venom
 H - a +0 whip of freezing
 K - the +7 dagger "Pausuhum" {drain, Stlth+, unknown}
   (You found it on level 5 of the Dungeon)

   A truly terrible weapon, it drains the life of those it strikes.
   It makes you more stealthy.
Armour
 b - a +0 animal skin
 g - a +3 leather armour of fire resistance (worn)
 i - a +0 chain mail
 m - a +2 helmet (worn)
 o - a +0 leather armour
 x - a +0 leather armour
 y - a +0 leather armour of poison resistance
 I - a +2 robe of fire resistance
Jewellery
 t - an uncursed ring of ice {unknown}
 G - an uncursed amulet of guardian spirit
 J - an uncursed ring of fire {unknown}
Wands
 v - a wand of paralysis (16)
 z - a wand of polymorph (9)
Scrolls
 e - 6 scrolls of identify
 q - 2 scrolls of remove curse
 s - 2 scrolls of teleportation
 A - a scroll of enchant armour
Potions
 d - 4 potions of haste {unknown}
 h - 4 potions of heal wounds {unknown}
 j - 2 potions of curing {unknown}
 l - 4 potions of lignification {unknown}
 n - 3 potions of might {unknown}
 r - 2 potions of mutation {unknown}
 u - 2 potions of magic {unknown}
 w - 2 potions of cancellation {unknown}
 B - 2 potions of berserk rage {unknown}
 L - a potion of brilliance {unknown}
Comestibles
 c - 6 rations


   Skills:
 - Level 3.0 Fighting
 - Level 10.0 Axes
 - Level 1.7 Armour
 + Level 6.7 Dodging


You had 8 spell levels left.
You didn't know any spells.
Your spell library was empty.

Dungeon Overview and Level Annotations

Branches:
Dungeon (6/15)             Temple (0/1) D:6

Altars:
Ashenzari
Dithmenos
Fedhas
Makhleb
Zin
The Shining One


Innate Abilities, Weirdness & Mutations

You have sharp toenails.
You are mostly covered in molten scales. (AC +3)
You are slightly more attuned to the shadows.
You regenerate a little health from kills.


Message History

The orc warrior hits you with a halberd!
You see here a club.
You slash the orc warrior!
You claw the orc warrior, but do no damage.
The orc warrior is heavily wounded.
The orc warrior hits you with a halberd!
You closely miss the orc warrior. Your kick misses the orc warrior.
The orc warrior is heavily wounded.
The orc warrior hits you with a halberd!
You barely miss the orc warrior.
You claw the orc warrior, but do no damage.
The orc warrior is heavily wounded.
The orc warrior barely misses you.
You closely miss the orc warrior.
The orc warrior is heavily wounded.
The orc warrior barely misses you.
You hit the orc warrior.
The orc warrior is heavily wounded.
The orc warrior hits you with a halberd!!
You die...

#.# #.######## #####.#
#....o@?.# ......#
########.# ......#
#######)### .####.#
?..........# .#
#.####.#######...#####
.####........#
##....... ...........#
.# #.######
.######.##.##.# #.# .#
###.........####.#


You could see an orc warrior.

Vanquished Creatures
  Pikel (D:5)
  Sigmund (D:4)
  Eustachio (D:4)
  An ice beast (D:6)
  3 slaves (D:5)
  An orc warrior (D:3)
  2 sky beasts
  3 phantoms (D:4)
  2 ogres
  Blork the orc (D:4)
  An elf zombie (Ossuary)
  A howler monkey (D:4)
  An orc priest (D:4)
  A jelly (D:5)
  5 hounds
  2 human zombies (Ossuary)
  2 orc wizards
  2 iguanas (D:5)
  4 worker ants
  Ijyb (D:3)
  A killer bee zombie (D:6)
  3 big kobold zombies (Ossuary)
  A hound zombie (Ossuary)
  3 mummies (Ossuary)
  Robin (D:4)
  5 adders
  2 oozes
  An adder zombie (D:6)
  An adder skeleton (D:5)
  2 worms
  A dart slug (D:2)
  2 leopard geckos
  21 orcs
  6 bats
  5 giant cockroaches
  18 goblins
  9 hobgoblins
  2 jackals (D:5)
  7 kobolds
  2 quokkas
  6 frilled lizards
  A giant cockroach zombie (D:6)
  2 gnoll zombies (Ossuary)
  3 goblin zombies (Ossuary)
  4 hobgoblin zombies (Ossuary)
  5 jackal zombies (Ossuary)
  2 kobold zombies (Ossuary)
  A leopard gecko zombie (D:5)
  5 orc zombies (Ossuary)
  2 quokka zombies (Ossuary)
  9 rats
  5 rat zombies (Ossuary)
174 creatures vanquished.

Notes
Turn   | Place    | Note
-------+----------+-------------------------------------------
     0 | D:1      | DenSaoPin the Demonspawn Berserker began the quest for the
                  | Orb.
     0 | D:1      | Reached XP level 1. HP: 18/18 MP: 1/1
    51 | D:1      | Reached skill level 3 in Axes
   118 | D:1      | Gained mutation: You are partially covered in molten
                  | scales. (AC +2) [demonic ancestry]
   118 | D:1      | Reached XP level 2. HP: 24/24 MP: 2/2
   687 | D:1      | Gained mutation: You have sharp toenails. [demonic
                  | ancestry]
   687 | D:1      | Reached XP level 3. HP: 28/29 MP: 3/3
   795 | D:1      | Reached ** piety under Trog
   988 | D:2      | Reached skill level 4 in Axes
  1437 | D:2      | Gained mutation: You regenerate a little health from kills.
                  | [demonic ancestry]
  1437 | D:2      | Reached XP level 4. HP: 35/35 MP: 4/4
  1691 | D:3      | Noticed an orc warrior
  1715 | D:3      | Killed an orc warrior
  1715 | D:3      | Reached skill level 5 in Axes
  1715 | D:3      | Gained mutation: You are mostly covered in molten scales.
                  | (AC +3) [demonic ancestry]
  1715 | D:3      | Reached XP level 5. HP: 11/41 MP: 5/5
  1925 | D:3      | Reached skill level 6 in Axes
  2010 | D:3      | Found a glowing golden altar of the Shining One.
  2237 | D:4      | Noticed a phantom
  2256 | D:4      | Killed a phantom
  2256 | D:4      | Reached XP level 6. HP: 30/47 MP: 6/6
  2299 | D:4      | Noticed Blork the orc
  2301 | D:4      | Noticed Eustachio
  2310 | D:4      | Killed Blork the orc
  2310 | D:4      | Reached skill level 7 in Axes
  2311 | D:4      | Noticed Ijyb
  2336 | D:4      | Paralysed by Ijyb for 5 turns
  2343 | D:3      | HP: 1/47 [hound (5)]
  2367 | D:3      | Killed Ijyb
  2508 | D:4      | Killed Eustachio
  2508 | D:4      | Reached XP level 7. HP: 52/52 MP: 7/7
  2519 | D:4      | Reached skill level 8 in Axes
  2523 | D:4      | Noticed Robin
  2531 | D:4      | Killed Robin
  2539 | D:4      | Reached *** piety under Trog
  2663 | D:4      | Found a shadowy altar of Dithmenos.
  2670 | D:4      | Found a blossoming altar of Fedhas.
  2672 | D:4      | Found a shattered altar of Ashenzari.
  2675 | D:4      | Found a glowing silver altar of Zin.
  2697 | D:4      | Found a sand-covered staircase.
  2706 | Ossuary  | Entered an ossuary
  2841 | Ossuary  | Reached **** piety under Trog
  2871 | Ossuary  | Gained mutation: You are slightly more attuned to the
                  | shadows. [demonic ancestry]
  2871 | Ossuary  | Reached XP level 8. HP: 58/58 MP: 8/8
  2875 | Ossuary  | Reached skill level 9 in Axes
  3041 | D:4      | Noticed Sigmund
  3059 | D:4      | Killed Sigmund
  3391 | D:4      | Reached skill level 10 in Axes
  3509 | D:5      | Entered Level 5 of the Dungeon
  3565 | D:5      | Found a burning altar of Makhleb.
  4135 | D:5      | Noticed Pikel
  4149 | D:5      | Killed Pikel
  4149 | D:5      | Reached skill level 5 in Dodging
  4149 | D:5      | Reached XP level 9. HP: 63/63 MP: 9/9
  4416 | D:5      | Got a steaming dagger
  4665 | D:6      | Found a staircase to the Ecumenical Temple.
  4735 | D:6      | Slain by an orc warrior

Skill      XL: |  1  2  3  4  5  6  7  8  9 |
---------------+----------------------------+-----
Axes           | 3 4 5 6 7 8 10 | 10.0
Dodging        | 5 6 |  6.7
Fighting       | |  3.0
Armour         | |  1.7

Action                   |  1- 3 |  4- 6 |  7- 9 || total
-------------------------+-------+-------+-------++-------
Melee: Hand axe          |   113 |    25 |       ||   138
       Kick              |     7 |    16 |    56 ||    79
       Battleaxe         |       |    57 |   246 ||   303
Invok: Berserk           |     1 |     2 |     3 ||     6
       Trog's Hand       |       |     4 |     1 ||     5
  Use: Scroll            |       |       |     9 ||     9
 Stab: Sleeping          |     1 |     1 |     2 ||     4
  Eat: Chunk             |     2 |     4 |    11 ||    17
       Ration            |       |     1 |       ||     1
Armor: Animal skin       |     8 |       |       ||     8
       Leather armour    |    34 |    94 |   129 ||   257
Dodge: Dodged            |    76 |   126 |   154 ||   356
